 Dungeon Crawl Stone Soup version 0.22.1-1-ga44c0e5 (webtiles) character file.

11344 Fang the Cleaver (level 11, -2/71 HPs)
             Began as a Gargoyle Berserker on Oct 17, 2018.
             Was a High Priest of Trog.
             Slain by a wraith (7 damage)
             ... led by Josephine
             ... on level 11 of the Dungeon on Oct 23, 2018.
             The game lasted 00:19:12 (10503 turns).

Fang the Cleaver (Gargoyle Berserker)              Turns: 10503, Time: 00:19:12

Health: -2/71      AC: 20    Str: 26    XL:     11   Next: 76%
Magic:  11/11      EV: 11    Int:  9    God:    Trog [*****.]
Gold:   670        SH:  0    Dex: 11    Spells: 10/10 levels left

rFire    . . .     SeeInvis .   a - +4 hand axe
rCold    . . .     Gourm    +   (no shield)
rNeg     + . .     Faith    .   E - +0 chain mail of Honour {+Blink rElec MR+} (curse)
rPois    ∞         Spirit   .   H - +2 hat
rElec    +         Reflect  .   (no cloak)
rCorr    .         Harm     .   (no gloves)
MR       +....                  (no boots)
Stlth    ..........             f - amulet of the gourmand
HPRegen  0.21/turn              s - +3 ring of strength
MPRegen  0.12/turn              n - +6 ring of slaying

@: berserk cooldown, slowed, very slow
A: talons 1, agile 1, negative energy resistance 1, electricity resistance,
unbreathing, petrification resistance, rot immunity, AC +8
a: Berserk, Trog's Hand, Brothers in Arms, Renounce Religion, Evoke Blink


You were on level 11 of the Dungeon.
You worshipped Trog.
Trog was extremely pleased with you.
You were very full.

You visited 2 branches of the dungeon, and saw 12 of its levels.
You also visited: Sewer.

You collected 670 gold pieces.

Inventory:

Hand Weapons
 a - a +4 hand axe (weapon)
Armour
 v - a +0 troll leather armour
 y - the +1 robe of Curiosity {+Fly}
   (You found it on level 5 of the Dungeon)

   It lets you fly.
 E - the cursed +0 chain mail of Honour (worn) {+Blink rElec MR+}
   (You found it on level 7 of the Dungeon)

   It insulates you from electricity.
   It affects your resistance to hostile enchantments.
   It lets you blink.
   It has a curse placed upon it.
 G - the +6 scale mail of Viol {+Inv rN+}
   (You took it off an orc on level 9 of the Dungeon)

   It protects you from negative energy.
   It lets you turn invisible.
 H - a +2 hat (worn)
Jewellery
 f - an amulet of the gourmand (around neck)
 i - an uncursed ring of resist corrosion
 n - a +6 ring of slaying (right hand)
 s - a +3 ring of strength (left hand)
Wands
 b - a wand of iceblast (7)
 t - a wand of acid (40)
 x - a wand of paralysis (19)
 C - a wand of flame (37)
 D - a wand of polymorph (17)
 F - a wand of random effects (18)
Scrolls
 d - 10 scrolls of remove curse
 l - 7 scrolls of teleportation
 p - 4 scrolls of fear
 u - 2 scrolls of magic mapping
Potions
 e - 2 potions of lignification
 g - a potion of invisibility
 h - 2 potions of degeneration {unknown}
 j - 4 potions of agility
 k - 3 potions of brilliance {unknown}
 m - 2 potions of magic
 o - 4 potions of curing
 q - 2 potions of berserk rage {unknown}
 r - 3 potions of haste {unknown}
 w - 3 potions of might {unknown}
 z - a potion of ambrosia {unknown}
 A - a potion of resistance {unknown}
 B - 2 potions of heal wounds {unknown}
Comestibles
 c - 15 rations


   Skills:
 + Level 9.3 Fighting
 + Level 11.7 Axes
 + Level 7.2 Armour
 + Level 6.0 Dodging
 + Level 6.3 Stealth


You had 10 spell levels left.
You didn't know any spells.
Your spell library was empty.

Dungeon Overview and Level Annotations

Branches:
Dungeon (11/15)            Temple (1/1) D:4            Lair (0/6) D:8
    Orc: D:9-12

Altars:
Ashenzari
Hepliaklqana
Ru
Xom

Shops:
D:4 =   D:11 *

Portals:
Trove: D:11 (give 16 scrolls of identify)

Annotations:
D:11 3 runed doors


Innate Abilities, Weirdness & Mutations

You are resistant to torment.
Your stone body is resilient. (AC +8)
You are immune to poison.
You resist negative energy. (rN+)
You are resistant to electric shocks. (rElec)
You can survive without breathing.
You are immune to petrification.
You are immune to rotting.
You have sharp toenails.
You are agile. (Dex +2)


Message History

The wraith hits you but does no damage.
You slash the wraith! Your kick misses the wraith.
The wraith is moderately damaged.
You slash something! You slash the wraith!
You are no longer berserk.
You are exhausted.
You feel as though you will be slow longer.
Something hits you but does no damage. The wraith hits you but does no damage.
The wraith closely misses you.
You hit the wraith but do no damage. Your kick misses the wraith.
The wraith is moderately damaged.
You closely miss the wraith. Something hits you but does no damage.
The wraith closely misses you. The wraith hits you but does no damage.
Unknown command.
You hit the wraith but do no damage. You claw the wraith.
The wraith is heavily damaged.
You hit something. You hit the wraith. Something hits you!
* * * LOW HITPOINT WARNING * * *
The wraith completely misses you. The wraith hits you!
You die...

#.# #...#
#.†####...#...≈.
#.# #...# #..#
#.<....... #.#
#...######..#
#......... #.#
#...........#
#.........
#...........#
#.........
#......)....#
#.........
#......))...#
#.........
#.....))WW..#
#.>.......
#...?.).@...#
#...#####.
#....∩..)...#
#...$)(...?.#
#...........#
#...........#
............#
............
#............


You could see 2 wraiths.

Vanquished Creatures
  Josephine (D:11)
  Erolcha (D:9)
  Harold (D:7)
  A two-headed ogre (D:11)
  Sonja (D:10)
  An ugly thing (D:10)
  Maurice (D:9)
  Joseph (D:7)
  A cyclops (D:11)
  Psyche (D:9)
  A centaur skeleton (D:10)
  A hornet (D:11)
  2 hippogriffs
  A spriggan (D:7)
  2 wraiths
  A hungry ghost (D:8)
  An ice beast (D:8)
  2 sky beasts
  A phantom (D:7)
  3 orc warriors
  2 black bears
  4 ogres
  4 centaurs
  A crocodile (D:9)
  8 bullfrogs
  2 gnoll sergeants
  A wyvern skeleton (D:10)
  4 scorpions
  8 wights
  4 howler monkeys
  6 crimson imps
  A centaur zombie (D:7)
  A quasit (D:9)
  2 jellies
  4 orc priests
  8 orc wizards
  6 hounds
  5 iguanas
  Jessica (D:2)
  A bullfrog skeleton (D:6)
  Terence (D:3)
  Natasha (thrice) (D:2)
  9 worker ants
  A hound zombie (D:7)
  A hound skeleton (D:10)
  20 gnolls
  14 adders
  2 river rats (Sewer)
  3 shadow imps
  An ooze (D:2)
  2 adder skeletons (D:8)
  2 worms (D:3)
  2 leopard geckos (D:1)
  26 orcs
  4 bats
  6 giant cockroaches
  8 goblins
  11 hobgoblins
  3 jackals (D:6)
  12 kobolds
  4 quokkas
  8 ball pythons
  11 frilled lizards
  A quokka skeleton (D:4)
  23 rats
276 creatures vanquished.

Notes
Turn   | Place    | Note
-------+----------+-------------------------------------------
     0 | D:1      | Fang the Gargoyle Berserker began the quest for the Orb.
     0 | D:1      | Reached XP level 1. HP: 14/14 MP: 1/1
   313 | D:1      | Reached XP level 2. HP: 18/19 MP: 2/2
   391 | D:1      | Reached skill level 3 in Axes
   641 | D:1      | Reached XP level 3. HP: 24/24 MP: 3/3
  1065 | D:2      | Noticed Natasha
  1074 | D:2      | Killed Natasha
  1080 | D:2      | Noticed Natasha
  1216 | D:2      | Killed Natasha
  1216 | D:2      | Reached ** piety under Trog
  1216 | D:2      | Reached XP level 4. HP: 18/29 MP: 4/4
  1394 | D:2      | Noticed Natasha
  1406 | D:2      | Killed Natasha
  1785 | D:2      | Reached XP level 5. HP: 31/33 MP: 5/5
  1828 | D:2      | Reached skill level 4 in Axes
  1828 | D:2      | Reached skill level 1 in Stealth
  1876 | D:2      | Noticed Jessica
  1889 | D:2      | Killed Jessica
  2615 | D:3      | Noticed Terence
  2644 | D:3      | Killed Terence
  3087 | D:4      | Reached XP level 6. HP: 36/39 MP: 6/6
  3098 | D:4      | Found a staircase to the Ecumenical Temple.
  3103 | D:4      | Found Raemypn's Jewellery Emporium.
  3181 | D:4      | Found a glowing drain.
  3201 | D:4      | Reached *** piety under Trog
  3218 | Sewer    | Entered a sewer
  3738 | D:4      | Reached skill level 5 in Axes
  3933 | D:4      | Found a shimmering altar of Xom.
  3987 | D:4      | Found a hazy altar of Hepliaklqana.
  4045 | D:4      | Reached XP level 7. HP: 44/44 MP: 7/7
  4205 | D:4      | Gained mutation: Armour fits poorly on your strangely
                  | shaped body. [potion of mutation]
  4205 | D:4      | Gained mutation: Your flesh is heat resistant. (rF+)
                  | [potion of mutation]
  4206 | D:4      | Lost mutation: Your flesh is heat resistant. (rF+) [potion
                  | of mutation]
  4206 | D:4      | Lost mutation: Armour fits poorly on your strangely shaped
                  | body. [potion of mutation]
  4206 | D:4      | Gained mutation: You have a pair of small antennae on your
                  | head. [potion of mutation]
  4206 | D:4      | Gained mutation: You are agile. (Dex +2) [potion of
                  | mutation]
  4207 | D:4      | Lost mutation: You have a pair of small antennae on your
                  | head. [potion of mutation]
  4207 | D:4      | Lost mutation: You are agile. (Dex +2) [potion of mutation]
  4207 | D:4      | Gained mutation: You have sharp toenails. [potion of
                  | mutation]
  4207 | D:4      | Gained mutation: You are agile. (Dex +2) [potion of
                  | mutation]
  4276 | Temple   | Entered the Ecumenical Temple
  4332 | D:5      | Entered Level 5 of the Dungeon
  4576 | D:5      | Reached skill level 5 in Fighting
  4688 | D:5      | Reached **** piety under Trog
  4869 | D:5      | Got a warped robe
  4880 | D:5      | Identified the +1 robe of Curiosity {+Fly} (You found it on
                  | level 5 of the Dungeon)
  5099 | D:5      | Reached skill level 6 in Axes
  5295 | D:6      | Reached XP level 8. HP: 44/49 MP: 8/8
  5351 | D:6      | Found a shattered altar of Ashenzari.
  5807 | D:6      | Reached skill level 7 in Axes
  5995 | D:7      | Noticed a hippogriff
  6004 | D:7      | Killed a hippogriff
  6238 | D:7      | Noticed Joseph
  6241 | D:7      | Reached skill level 5 in Stealth
  6241 | D:7      | Reached XP level 9. HP: 52/55 MP: 9/9
  6255 | D:7      | Killed Joseph
  6255 | D:7      | Reached skill level 8 in Axes
  6424 | D:7      | Noticed Harold
  6434 | D:7      | Killed Harold
  6497 | D:7      | Reached skill level 9 in Axes
  6504 | D:7      | Reached ***** piety under Trog
  7114 | D:7      | Got a jewelled chain mail
  7125 | D:7      | Identified the cursed +0 chain mail of Honour {+Blink rElec
                  | MR+} (You found it on level 7 of the Dungeon)
  7415 | D:8      | Reached XP level 10. HP: 63/63 MP: 10/10
  7422 | D:8      | Reached skill level 5 in Dodging
  7551 | D:8      | Found a staircase to the Lair.
  7819 | D:8      | Received a gift from Trog
  8051 | D:8      | Found a sacrificial altar of Ru.
  8453 | D:9      | Reached skill level 10 in Axes
  8456 | D:9      | Noticed Erolcha
  8470 | D:9      | Killed Erolcha
  8600 | D:9      | Got a slimy scale mail
  8608 | D:9      | Noticed Psyche
  8617 | D:9      | Killed Psyche
  9125 | D:9      | Identified the +6 scale mail of Viol {+Inv rN+} (You took
                  | it off an orc on level 9 of the Dungeon)
  9252 | D:9      | Noticed Maurice
  9268 | D:9      | Killed Maurice
  9268 | D:9      | Reached skill level 5 in Armour
  9308 | D:10     | Entered Level 10 of the Dungeon
  9318 | D:10     | Noticed a red ugly thing
  9329 | D:10     | Killed a red ugly thing
  9329 | D:10     | Reached XP level 11. HP: 29/69 MP: 11/11
  9643 | D:10     | Noticed Sonja
  9652 | D:10     | Killed Sonja
  9652 | D:10     | Reached skill level 11 in Axes
 10076 | D:11     | Found Zaebrauj's Elemental Accessories.
 10145 | D:11     | Found a runed gate.
 10145 | D:11     | Found a runed gate.
 10145 | D:11     | Found a runed gate.
 10146 | D:11     | Noticed a white ugly thing
 10146 | D:11     | Noticed a cyan ugly thing
 10146 | D:11     | Noticed a glowing orange brain
 10147 | D:11     | Noticed a red ugly thing
 10147 | D:11     | Noticed a red ugly thing
 10147 | D:11     | Noticed a purple ugly thing
 10205 | D:11     | Noticed a cyclops
 10219 | D:11     | Killed a cyclops
 10324 | D:11     | Noticed a two-headed ogre
 10334 | D:11     | Killed a two-headed ogre
 10471 | D:11     | Found a portal to a secret trove of treasure.
 10476 | D:11     | Noticed Josephine
 10494 | D:11     | Killed Josephine
 10494 | D:11     | Received a gift from Trog
 10503 | D:11     | Slain by a wraith

Skill      XL: |  1  2  3  4  5  6  7  8  9 10 11 |
---------------+----------------------------------+-----
Axes           | 3 4 5 6 7 9 10 11 | 11.7
Fighting       | 4 5 6 7 8 9 |  9.3
Dodging        | 2 3 4 5 6 |  6.0
Stealth        | 1 2 3 5 6 |  6.3
Armour         | 5 7 |  7.2

Action                   |  1- 3 |  4- 6 |  7- 9 | 10-12 || total
-------------------------+-------+-------+-------+-------++-------
Melee: Hand axe          |    97 |   260 |   200 |   275 ||   832
       Kick              |       |       |    66 |    98 ||   164
Invok: Berserk           |     3 |     3 |     5 |     5 ||    16
  Use: Scroll            |       |     8 |     2 |     9 ||    19
       Potion            |       |       |     3 |       ||     3
 Stab: Sleeping          |     1 |     9 |     5 |       ||    15
  Eat: Chunk             |     3 |     6 |     9 |    25 ||    43
       Ration            |       |     2 |     2 |       ||     4
Armor: Animal skin       |    38 |    73 |     2 |       ||   113
       Robe              |       |       |    51 |       ||    51
       Troll leather arm |       |       |     7 |       ||     7
       Chain mail        |       |       |     3 |   152 ||   155
       Skin              |       |       |       |    21 ||    21
Dodge: Dodged            |    74 |   145 |   117 |   134 ||   470
